 Dungeon Crawl Stone Soup version 0.19-a0-1019-g9c6a58d (webtiles) character file.

60 matakusis the Ducker (level 3, -3/27 HPs)
             Began as a Demonspawn Gladiator on July 25, 2016.
             Slain by a goblin
             ... wielding a +0 dagger
             ... led by Robin
              (4 damage)
             ... on level 2 of the Dungeon.
             The game lasted 00:04:20 (1546 turns).

matakusis the Ducker (Demonspawn Gladiator)         Turns: 1546, Time: 00:04:21

Health: -3/27      AC:  6    Str: 15    XL:     3   Next: 82%
Magic:  3/3        EV: 13    Int:  9    God:
Gold:   32         SH:  0    Dex: 14    Spells: 0 memorised, 2 levels left

rFire  . . .     SeeInvis .     l - +0 dagger
rCold  . . .     Gourm    .     b - +0 leather armour
rNeg   . . .     Faith    .     (no shield)
rPois  .         Spirit   .     c - +0 helmet
rElec  .         Dismiss  .     j - +0 cloak
rCorr  .         Reflect  .     s - +0 pair of gloves
SustAt .         Harm     .     (no boots)
MR     .....                    (no amulet)
Stlth  +++.......               (no ring)
                                (no ring)

@: not resistant to hostile enchantments, fairly stealthy
A: nightstalker 1, powered by death 1
a: no special abilities


You were on level 2 of the Dungeon.
You were not hungry.

You visited 1 branch of the dungeon, and saw 2 of its levels.

You collected 32 gold pieces.

Inventory:

Hand Weapons
 a - a +0 long sword
 l - a +0 dagger (weapon)
Missiles
 d - a throwing net (quivered)
Armour
 b - a +0 leather armour (worn)
 c - a +0 helmet (worn)
 j - a +0 cloak (worn)
 s - a +0 pair of gloves (worn)
Scrolls
 e - a scroll of remove curse {unknown}
 h - a scroll of fear {unknown}
 i - 6 scrolls of identify {unknown}
 o - 2 scrolls of blinking {unknown}
 q - a scroll of immolation {unknown}
Potions
 g - a potion of agility {unknown}
 m - a potion of lignification {unknown}
 n - a potion of resistance {unknown}
 p - 2 potions of curing {unknown}
Comestibles
 f - 2 bread rations
 k - 3 meat rations


   Skills:
 - Level 2.2 Fighting
 + Level 0.5(1.8) Short Blades
 - Level 2.8(2.9) Long Blades
 - Level 1.7 Throwing
 - Level 2.9 Dodging
 * Level 2.7 Stealth


You had 2 spell levels left.
You didn't know any spells.

Dungeon Overview and Level Annotations

Branches:
Dungeon (2/15)

Altars:


Innate Abilities, Weirdness & Mutations

You are slightly more attuned to the shadows.
You regenerate a little health from kills.


Message History

The goblin misses you.
The goblin struggles against the net.
Robin struggles against the net.
You hit Robin.
You kill Robin!
The goblin no longer looks unusually strong. x2
The goblin completely misses you.
The goblin struggles against the net.
The net rips apart, and the goblin comes free!
You hit the goblin.
The goblin is moderately wounded.
The goblin hits you but does no damage. x2
You hit the goblin.
You kill the goblin!
You miss the goblin. The goblin closely misses you.
The goblin unwields an uncursed club.
The goblin wields a hunting sling.
The goblin shoots a stone.
The stone hits you.
* * * LOW HITPOINT WARNING * * *
You hit the goblin.
The goblin is severely wounded.
The goblin hits you with a dagger.
You die...

#.# #.# #.# #.# #.#
# #.# #####
#.#######.###...##
#g)@g..#...#.<...#
#####............#
#####..#...#.....#
#......##.###..(####
#.####.#............
#.#..####.##### #
#..#..# #.### #.
.#.#..####...# #.#
#.##..##.รท.#.##


You could see 2 goblins.

Vanquished Creatures
  Robin (D:2)
  An adder (D:2)
  A dart slug (D:1)
  A giant gecko (D:2)
  7 goblins
  6 hobgoblins
  5 jackals (D:1)
  4 bats
  2 giant newts (D:1)
  3 kobolds
  4 rats (D:1)
35 creatures vanquished.

Notes
Turn   | Place    | Note
-------+----------+-------------------------------------------
     0 | D:1      | matakusis the Demonspawn Gladiator began the quest for the Orb.
     0 | D:1      | Reached XP level 1. HP: 16/16 MP: 1/1
   440 | D:1      | Gained mutation: You are slightly more attuned to the shadows. [demonic ancestry]
   440 | D:1      | Reached XP level 2. HP: 22/22 MP: 2/2
   585 | D:1      | Reached skill level 1 in Stealth
  1061 | D:1      | Gained mutation: You regenerate a little health from kills. [demonic ancestry]
  1061 | D:1      | Reached XP level 3. HP: 27/27 MP: 3/3
  1516 | D:2      | Noticed Robin
  1539 | D:2      | HP: 1/27 [goblin/dagger[Robin] (2)]
  1542 | D:2      | Killed Robin
  1545 | D:2      | HP: 1/27 [goblin/stone[Robin] (1)]
  1546 | D:2      | Slain by a goblin

Vault maps used:
D:1:      lightli_arrival_noodles, minmay_tromino_v7
D:2:      old_standard_altar, uniq_jessica, uniq_robin

Skill      XL: |  1  2  3 |
---------------+----------+-----
Stealth        | 1 2 |  2.7
Fighting       | |  2.2
Short Blades   | |  0.5
Long Blades    | |  2.8
Throwing       | |  1.7
Dodging        | |  2.9

Action                   || total
-------------------------++-------
Melee: Long sword        ||    31
       Dagger            ||   131
Throw: Throwing net      ||     3
 Stab: Sleeping          ||     7
  Eat: Chunk             ||     2
Armor: Leather armour    ||    47
Dodge: Dodged            ||    96
